 Dungeon Crawl Stone Soup version 0.28-a0-1206-g193881aaa2 (webtiles) character file.

Game seed: 13621101249047832646

49 Crownlay the Digger (level 3, 0/19 HPs)
             Began as a Gargoyle Earth Elementalist on Dec 20, 2021.
             Slain by Terence (5 damage)
             ... on level 1 of the Dungeon.
             The game lasted 00:02:25 (1957 turns).

Crownlay the Digger (Gargoyle Earth Elementalist)   Turns: 1957, Time: 00:02:26

Health: 0/19       AC:  5    Str: 17    XL:     3   Next: 75%
Magic:  7/7        EV: 11    Int: 17    God:
Gold:   77         SH:  3    Dex: 10    Spells: 7/8 levels left

rFire   . . .      SeeInvis .   d - +2 dagger (speed)
rCold   . . .      Faith    .   e - +0 buckler
rNeg    + . .      Spirit   .   b - +0 robe
rPois   ∞          Reflect  .   (no helmet)
rElec   +          Harm     .   (no cloak)
rCorr   .          Rampage  .   (no gloves)
Will    .....                   (no boots)
Stlth   ++........              (no amulet)
HPRegen 0.06/turn               g - +6 ring of strength
MPRegen 0.10/turn               (no ring)

@: no status effects
A: sickness immunity, AC +3, negative energy resistance 1, electricity
resistance, torment resistance 1, petrification resistance
a: no special abilities


You were on level 1 of the Dungeon.
You visited 1 branch of the dungeon, and saw 2 of its levels.

You collected 77 gold pieces.

Inventory:

Hand Weapons
 d - a +2 dagger of speed (weapon)
Missiles
 c - 47 stones
Armour
 b - a +0 robe (worn)
 e - a +0 buckler (worn)
Jewellery
 g - a +6 ring of strength (left hand)
Scrolls
 f - a scroll of fog {unknown}
Potions
 a - a potion of brilliance {unknown}
 h - a potion of ambrosia {unknown}


   Skills:
 - Level 1.5 Dodging
 - Level 2.1 Stealth
 * Level 1.0 Shields
 * Level 3.1 Spellcasting
 - Level 0.7 Transmutations
 + Level 4.2 Earth Magic


You had 7 spell levels left.
You knew the following spells:

 Your Spells              Type           Power      Damage    Failure   Level
a - Sandblast             Erth           34%        2d9       4%          1

Your spell library contained the following spells:

 Spells                   Type           Power      Damage    Failure   Level
 Passwall                 Tmut/Erth      9%         N/A       14%         2
 Beastly Appendage        Tmut           10%        N/A       19%         1
 Stone Arrow              Conj/Erth      18%        3d8       32%         3
 Frozen Ramparts          Ice            4%         1d2       58%         3
 Portal Projectile        Hex/Tloc       4%         N/A       58%         3
 Teleport Other           Tloc           2%         N/A       58%         3
 Petrify                  Tmut/Erth      11%        N/A       65%         4
 Ice Form                 Ice/Tmut       3%         N/A       91%         4
 Summon Ice Beast         Ice/Summ       2%         N/A       94%         4
 Blade Hands              Tmut           2%         N/A       99%         5
 Eringya's Noxious Bog    Tmut/Pois      1%         N/A       100%        6


Dungeon Overview and Level Annotations

Branches:
Dungeon (2/15)

Altars:

Annotations:
D:1 Terence


Innate Abilities, Weirdness & Mutations

You are immune to sickness and miasma.
Your stone body is resilient. (AC +3)
You are immune to poison.
You resist negative energy. (rN+)
You are resistant to electric shocks. (rElec)
You are resistant to unholy torment.
You are immune to petrification.


Message History

Terence the Incautious comes into view.
He is wielding a +0 falchion.
The blast of sand hits Terence.
Terence is lightly wounded.
Terence shouts!
Terence drinks a potion.
Terence flickers and vanishes!
Deactivating autopickup; reactivate with Ctrl-A.
You can't see any susceptible monsters within range! (Use Z to cast anyway.)
You can't see any susceptible monsters within range! (Use Z to cast anyway.)
There is a stone staircase leading up here.
You climb upwards.
Reactivating autopickup.
There is a stone staircase leading down here.
Done exploring.
You climb downwards.
Level annotation: Terence
There is a stone staircase leading up here.
Casting: Sandblast (safe; 4% risk of failure)
Confirm with . or Enter, or press ? or * to list all spells.
You don't know that spell.
Deactivating autopickup; reactivate with Ctrl-A.
You hit something but do no damage. Something hits you.
You block something's attack.
There is a stone staircase leading up here.
Something hits you but does no damage.
You climb upwards.
Reactivating autopickup.
There is a stone staircase leading down here.
Something hits you.
Deactivating autopickup; reactivate with Ctrl-A.
You hit something. You hit something but do no damage. Something hits you.
You hit something but do no damage. Something hits you.
* * * LOW HITPOINT WARNING * * *
Something hits you.
* * * LOW HITPOINT WARNING * * *
There is a stone staircase leading down here.
You can't go up here!
Okay, then.
Something hits you.
You die...

# ##+## ##.##.##.# #
#.# #.##.##.# # #.#
#.......# ###
##.############.####
#.####.........# #.#
.#..........##.# #.#
###.##....#.##.# #.#
.#.####.#.#.##.#####.#
#.## ###......{@....#
### ##############


There were no monsters in sight!

Vanquished Creatures
  An adder (D:2)
  4 ball pythons
  3 bats (D:1)
  2 endoplasms (D:2)
  A giant cockroach (D:1)
  2 goblins (D:1)
  7 hobgoblins
  3 jackals (D:2)
  3 kobolds (D:1)
  3 quokkas (D:1)
  3 frilled lizards (D:1)
  2 rats (D:1)
34 creatures vanquished.

Notes
Turn   | Place    | Note
-------+----------+-------------------------------------------
     0 | D:1      | Crownlay the Gargoyle Earth Elementalist began the quest
                  | for the Orb.
     0 | D:1      | Reached XP level 1. HP: 10/10 MP: 3/3
   283 | D:1      | Reached XP level 2. HP: 15/15 MP: 3/5
   493 | D:1      | Reached skill level 4 in Earth Magic
   571 | D:1      | Found a faded altar of an unknown god.
   860 | D:1      | Reached XP level 3. HP: 16/19 MP: 7/7
   980 | D:1      | Got Sif Muna's Compendium of Shifting Orientation
  1872 | D:2      | Reached skill level 1 in Shields
  1916 | D:2      | Noticed Terence
  1957 | D:1      | Slain by Terence

Illustrated notes

Levels and vault maps discovered:
D:1:      minmay_arrival_wavy_path, layout_loops_corners,
          hellmonk_ecumenical_altar_pennies_from_heaven, solitary_fountain,
          minmay_cut_off
D:2:      cheibrodos_greedy_goblins, layout_basic, uniq_terence

Skill      XL: |  1  2  3 |
---------------+----------+-----
Earth Magic    | 4 |  4.2
Spellcasting   | 3 |  3.1
Shields        | 1 |  1.0
Dodging        | |  1.5
Stealth        | |  2.1
Transmutations | |  0.7

Action                   || total
-------------------------++-------
Melee: Unarmed           ||     2
       Dagger            ||    82
       Short sword       ||     6
 Cast: Sandblast         ||    21
 Stab: Sleeping          ||     2
Armor: Robe              ||    21
Dodge: Dodged            ||    44
Block: Buckler           ||     7

Table legend: (Time is in decaauts)
 A = Elapsed time spent in this place.
 B = Non-inter-level travel time spent in this place.
 C = Inter-level travel time spent in this place.
 D = Time resting spent in this place.
 E = Time spent auto-exploring this place.
 F = Levels seen in this place.
 G = Mean time per level.
                   A        B        C        D        E       F      G
               +--------+--------+--------+--------+--------+-----+--------+
         Total |   1935 |   1876 |     59 |      0 |   1625 |   2 |  967.5 |
       Dungeon |   1935 |   1876 |     59 |      0 |   1625 |   2 |  967.5 |
               +--------+--------+--------+--------+--------+-----+--------+

Top non-repeatable levels by time:
     D:1: 1490 daAuts
     D:2: 445 daAuts
